 Dungeon Crawl Stone Soup version 0.26.0-16-gc1dbca0489 (webtiles) character file.

Game seed: 13228142753510138514

146458 teolandon225 the Unseen (level 16, -9/87 HPs)
             Began as a Spriggan Enchanter on Jan 19, 2021.
             Was the Champion of Dithmenos.
             Mangled by a tentacle (10 damage)
             ... attached to a kraken simulacrum
             ... on level 4 of the Shoals on Jan 20, 2021.
             The game lasted 01:53:52 (47793 turns).

teolandon225 the Unseen (Spriggan Enchanter)       Turns: 47793, Time: 01:53:53

Health: -9/87      AC:  8    Str: 10    XL:     16   Next: 89%
Magic:  22/25      EV: 29    Int: 22    God:    Dithmenos [******]
Gold:   1564       SH:  8    Dex: 18    Spells: 2/20 levels left

rFire    + + .     SeeInvis +   K - +7 quick blade (elec)
rCold    + . .     Faith    .   Z - +0 buckler of Duty {+Fly rF+}
rNeg     . . .     Spirit   .   L - +2 robe {Will+}
rPois    .         Reflect  .   J - +0 hat
rElec    .         Harm     .   P - scarf {rC+ rF+}
rCorr    .         Rampage  .   (gloves unavailable)
Will     +++..                  (boots unavailable)
Stlth    +++++++...             h - amulet of magic regeneration
HPRegen  0.24/turn              r - +6 ring of strength
MPRegen  0.44/turn              N - +4 ring of protection

@: confusing touch, wreathed by umbra, slow
A: very small, unfitting armour, see invisible, speed 3
a: Renounce Religion, Evoke Flight, Shadow Step, Shadow Form


You were on level 4 of the Shoals.
You worshipped Dithmenos.
Dithmenos was exalted by your worship.
You visited 6 branches of the dungeon, and saw 29 of its levels.
You also visited: Volcano.

You collected 3254 gold pieces.
You spent 1690 gold pieces at shops.

Inventory:

Hand Weapons
 K - a +7 quick blade of electrocution (weapon)
Missiles
 F - 333 sling bullets
Armour
 z - a +2 robe of cold resistance
 J - a +0 hat (worn)
 L - a +2 robe of willpower (worn)
 P - a scarf of resistance (worn)
 U - a +2 buckler
 Z - the +0 buckler of Duty (worn) {+Fly rF+}
   (You bought it in a shop on level 14 of the Dungeon)

   It protects you from fire.
   It lets you fly.
Jewellery
 b - an uncursed ring of stealth
 h - an amulet of magic regeneration (around neck)
 k - an uncursed ring of stealth
 r - a +6 ring of strength (left hand)
 s - an uncursed amulet of guardian spirit
 u - an uncursed ring of protection from fire
 C - an uncursed ring of wizardry
 H - an uncursed ring of wizardry
 N - a +4 ring of protection (right hand)
 Q - an uncursed ring of protection from fire
 R - a cursed -4 ring of protection
 V - an uncursed amulet of faith
 W - an uncursed ring of positive energy
 Y - an uncursed amulet of the acrobat
Wands
 a - a wand of paralysis (15)
 p - a wand of enslavement (9)
 B - a wand of polymorph (3)
 D - a wand of iceblast (48)
 M - a wand of digging (6)
 T - a wand of disintegration (39)
 X - a wand of random effects (38)
Scrolls
 d - 15 scrolls of teleportation
 i - 11 scrolls of amnesia
 n - 6 scrolls of magic mapping
 t - 3 scrolls of enchant armour
 w - a scroll of blinking
 y - 10 scrolls of remove curse
 E - 6 scrolls of identify
 G - 4 scrolls of fear
 O - 2 scrolls of brand weapon
Potions
 c - 5 potions of might
 e - 4 potions of attraction
 f - 2 potions of berserk rage
 g - 4 potions of lignification
 j - 2 potions of resistance
 l - a potion of heal wounds
 m - a potion of mutation
 o - 2 potions of invisibility
 q - 3 potions of flight
 v - 4 potions of brilliance
 x - 4 potions of haste
 A - 13 potions of curing
 I - a potion of magic
 S - a potion of cancellation


   Skills:
 + Level 11.3 Fighting
 - Level 11.7 Short Blades
 + Level 12.7 Dodging
 - Level 17.8 Stealth
 - Level 7.2 Shields
 - Level 2.6 Spellcasting
 * Level 17.4 Hexes
 + Level 5.2 Translocations
 * Level 11.9 Invocations


You had 2 spell levels left.
You knew the following spells:

 Your Spells              Type           Power        Failure   Level
a - Apportation           Tloc           50%          1%          1
b - Invisibility          Hex            68%          1%          6
e - Tukima's Dance        Hex            68%          1%          3
q - Ensorcelled Hibernat  Hex/Ice        82%          1%          2
r - Dazzling Flash        Conj/Hex       82%          1%          3
w - Confusing Touch       Hex            68%          1%          3

Your spell library contained the following spells:

 Spells                   Type           Power        Failure   Level
 Corona                   Hex            75%          0%          1
 Animate Skeleton         Necr           4%           13%         1
 Magic Dart               Conj           8%           13%         1
 Pain                     Necr           8%           13%         1
 Shock                    Conj/Air       8%           13%         1
 Summon Small Mammal      Summ           8%           13%         1
 Corpse Rot               Necr/Air       N/A          19%         2
 Poisonous Vapours        Pois/Air       4%           19%         2
 Searing Ray              Conj           4%           19%         2
 Swiftness                Air            2%           19%         2
 Fulminant Prism          Conj/Hex       20%          3%          4
 Gell's Gravitas          Tloc           12%          4%          3
 Lesser Beckoning         Tloc           12%          4%          3
 Metabolic Englaciation   Hex/Ice        20%          10%         5
 Summon Mana Viper        Hex/Summ       41%          10%         5
 Yara's Violent Unravell  Hex/Tmut       20%          10%         5
 Conjure Flame            Conj/Fire      2%           36%         3
 Ignite Poison            Fire/Tmut/Pois 2%           36%         3
 Mephitic Cloud           Conj/Pois/Air  2%           36%         3
 Static Discharge         Conj/Air       2%           36%         3
 Stone Arrow              Conj/Erth      4%           36%         3
 Vampiric Draining        Necr           1%           36%         3
 Iskenderun's Mystic Bla  Conj/Tloc      14%          41%         4
 Airstrike                Air            1%           77%         4
 Animate Dead             Necr           1%           77%         4
 Petrify                  Tmut/Erth      2%           77%         4
 Summon Forest            Summ/Tloc      7%           77%         5
 Agony                    Necr           2%           98%         5
 Alistair's Intoxication  Tmut/Pois      1%           98%         5
 Fireball                 Conj/Fire      1%           98%         5
 Lightning Bolt           Conj/Air       1%           98%         5
 Summon Demon             Summ           1%           98%         5
 Eringya's Noxious Bog    Tmut/Pois      1%           100%        6
 Freezing Cloud           Conj/Ice/Air   1%           100%        6
 Hydra Form               Tmut           1%           100%        6
 Shadow Creatures         Summ           N/A          100%        6
 Starburst                Conj/Fire      1%           100%        6
 Summon Hydra             Summ           1%           100%        7
 Ignition                 Fire           1%           100%        8


Dungeon Overview and Level Annotations

Branches:
Dungeon (15/15)            Temple (1/1) D:4            Lair (6/6) D:8
 Shoals (4/4) Lair:3        Snake (1/4) Lair:3        Slime (0/5) Lair:6
    Orc (2/2) D:12            Elf (0/3) Orc:2        Vaults (0/5) D:14
 Depths (0/5) D:15        Volcano (visited)

Altars:
Ashenzari
Dithmenos
Elyvilon
Fedhas
Kikubaaqudgha
Qazlal
Uskayaw
The Shining One
Beogh
Jiyva

Shops:
D:12 [   D:14 :[[[   Orc:1 *   Orc:2 [[}*   Shoals:3 *

Annotations:
D:14 exclusion: downstairs
D:15 1 runed translucent door
Lair:2 exclusion: downstairs
Lair:5 exclusion: downstairs
Lair:6 1 runed translucent door
Shoals:2 exclusion: downstairs


Innate Abilities, Weirdness & Mutations

You are very small and have problems with some larger weapons.
You are too small for most types of armour.
You have supernaturally acute eyesight. (SInv)
You cover ground extremely quickly.


Message History

3 tentacles come into view.
Your unstable footing causes you to fumble your attack.
Casting: Ensorcelled Hibernation (safe; 1% risk of failure)
Confirm with . or Enter, or press ? or * to list all spells.
You can't see any susceptible monsters within range! (Use Z to cast anyway.) Unknown command.
Unknown command.
Casting: Ensorcelled Hibernation (safe; 1% risk of failure)
Confirm with . or Enter, or press ? or * to list all spells.
Casting: Confusing Touch (safe; 1% risk of failure)
Press: ? - help, Dir - look around, f - activate Your hands begin to glow red.
The tentacle slaps you! The tentacle freezes you! You resist.
The tentacle slaps you. The tentacle freezes you! You resist.
The kraken simulacrum bites you!
You emit a cloud of dark smoke.
The kraken simulacrum freezes you!! You resist.
* * * LOW HITPOINT WARNING * * *
The tentacle completely misses you. The tentacle slaps you!
* * * LOW HITPOINT WARNING * * *
The tentacle freezes you! You resist.
You die...

≈[≈..≈≈≈≈.....
≈≈≈≈≈≈≈≈≈......
≈≈≈≈≈≈≈≈≈......
≈≈≈≈≈≈.......!.
≈≈≈≈≈..........
≈≈≈≈.........#######
≈≈≈..).....###.#w#≈##
≈≈≈........##..wZw≈≈#
##≈).......##≈.#@#≈#
##≈........# #≈≈§§≈#
#≈≈........###.#≈#≈##
#≈≈........##.≈≈≈≈≈≈#
##≈......)[##.≈≈##≈##
#≈≈..........#### ##
##≈≈≈≈≈≈≈≈≈).#
.≈≈≈≈≈≈≈≈≈≈≈≈≈)...
.≈≈≈≈≈≈≈≈≈≈≈≈≈≈≈≈≈


You could see 3 tentacles and a kraken simulacrum.

Vanquished Creatures
  Rupert (D:13)
  Jorgrun (Shoals:3)
  Frances (D:13)
  Gastronok (Lair:2)
  An orc warlord (Orc:1)
  A stone giant (Orc:1)
  2 entropy weavers (Lair:6)
  6 merfolk impalers
  A merfolk javelineer (Shoals:3)
  The ghost of krigyl the Cleaver, a journeyman GrAM of Okawaru (D:12)
  3 catoblepae
  3 hydras
  3 alligator snapping turtles (Shoals:2)
  7 two-headed ogres
  3 merfolk avatars
  9 death yaks
  4 centaur warriors
  4 merfolk aquamancers
  A deep troll shaman (Lair:6)
  2 tengu warriors (D:15)
  A queen ant (Lair:6)
  Urug (Lair:4)
  Sonja (D:13)
  A fire crab (shapeshifter) (D:14)
  13 skeletal warriors
  8 sea snakes
  An unseen horror (D:14)
  An unseen horror (shapeshifter) (D:15)
  A wizard (D:15)
  A deep troll (D:14)
  2 anaconda skeletons (Volcano)
  2 orc knights (Orc:2)
  4 ugly things
  A wolf spider zombie (D:14)
  18 harpies
  A necromancer (D:14)
  An orc sorcerer (Orc:1)
  A cyclops (shapeshifter) (D:15)
  A deep elf mage (D:12)
  9 fauns
  11 manticores
  A salamander (shapeshifter) (D:15)
  2 centaur zombies
  6 cyclopes
  8 merfolk sirens
  6 elephants (Lair:6)
  Joseph (Lair:1)
  7 black mambas
  2 water nymphs (Shoals:3)
  14 cane toads
  4 gargoyles (Volcano)
  An efreet (D:15)
  9 komodo dragons
  A komodo dragon (shapeshifter) (D:15)
  A yaktaur (D:15)
  6 rime drakes
  3 tengu conjurers
  18 merfolk
  2 trolls
  2 polar bears
  2 hornets (D:9)
  2 harpy skeletons (Volcano)
  8 wind drakes
  12 blink frogs
  A blink frog (shapeshifter) (D:14)
  12 dream sheep
  8 snapping turtles
  15 slime creatures
  3 flying skulls (Volcano)
  2 shadows
  2 alligator skeletons (Volcano)
  3 wyverns
  A centaur simulacrum (D:15)
  2 wraiths
  A vampire (D:10)
  36 yaks
  Grum (Lair:1)
  8 water elementals
  7 basilisks
  Menkaure (D:7)
  6 vampire mosquitoes
  4 nagas (Lair:3)
  7 soldier ants
  18 water moccasins
  40 orc warriors
  4 ice beasts
  2 phantoms
  2 sky beasts
  An eye of draining (shapeshifter) (D:14)
  8 black bears
  A black bear (shapeshifter) (D:15)
  An eye of draining (D:13)
  8 ogres
  A necrophage (D:8)
  13 wolves
  21 centaurs
  3 big kobolds
  A wyvern zombie (D:12)
  24 bullfrogs
  A wyvern skeleton (D:12)
  7 scorpions
  21 killer bees
  16 wights
  A howler monkey (D:4)
  A troll skeleton (Volcano)
  3 bullfrog zombies
  A quasit (D:7)
  12 hounds
  3 jellies
  7 centaur skeletons
  18 orc priests
  5 iguanas
  Crazy Yiuf (D:7)
  A bullfrog skeleton (D:4)
  22 orc wizards
  19 worker ants
  4 naga skeletons (Volcano)
  6 gnolls
  13 adders
  A howler monkey skeleton (D:8)
  2 shadow imps
  2 ufetubi
  3 oozes
  2 adder skeletons
  3 worms
  2 dart slugs
  9 leopard geckos
  97 orcs
  4 giant cockroaches
  4 goblins
  6 hobgoblins
  11 jackals
  19 kobolds
  4 quokkas
  2 bats (D:1)
  5 frilled lizards
  A leopard gecko zombie (D:8)
  4 rats
  A butterfly (Lair:2)
865 creatures vanquished.

Vanquished Creatures (collateral kills)
  2 skeletal warriors (D:11)
  5 wights
7 creatures vanquished.

Vanquished Creatures (others)
  A merfolk (Shoals:3)
  2 dancing weapons (D:6)
  A wraith (D:12)
  A centaur (Orc:2)
  An orc priest (D:12)
  An orc (Orc:2)
  49 fungi
  98 plants
154 creatures vanquished.

Grand Total: 1026 creatures vanquished

Notes
Turn   | Place    | Note
-------+----------+-------------------------------------------
     0 | D:1      | teolandon225 the Spriggan Enchanter began the quest for the
                  | Orb.
     0 | D:1      | Reached XP level 1. HP: 9/9 MP: 5/5
    26 | D:1      | You fall into a shaft and drop 1 floor!
   305 | D:1      | Reached XP level 2. HP: 13/13 MP: 6/6
   308 | D:1      | Learned a level 2 spell: Ensorcelled Hibernation
   666 | D:1      | Reached skill level 5 in Stealth
  1097 | D:2      | Reached XP level 3. HP: 16/16 MP: 5/8
  1170 | D:2      | Learned a level 3 spell: Confusing Touch
  1732 | D:2      | Reached XP level 4. HP: 21/21 MP: 9/9
  2154 | D:3      | Found a stormy altar of Qazlal.
  2477 | D:3      | Reached skill level 5 in Hexes
  3150 | D:2      | Reached XP level 5. HP: 24/24 MP: 7/10
  3788 | D:4      | Found a staircase to the Ecumenical Temple.
  3795 | Temple   | Entered the Ecumenical Temple
  3870 | Temple   | Became a worshipper of Dithmenos the Shadowed
  4017 | D:4      | Noticed an ogre
  4059 | D:4      | Reached XP level 6. HP: 28/28 MP: 3/11
  4380 | D:2      | Reached skill level 5 in Dodging
  4634 | D:4      | Learned a level 3 spell: Tukima's Dance
  4964 | D:5      | Entered Level 5 of the Dungeon
  5161 | D:5      | Reached XP level 7. HP: 31/32 MP: 7/12
  5278 | D:5      | Found an ancient bone altar of Kikubaaqudgha.
  5729 | D:5      | Reached * piety under Dithmenos
  6310 | D:6      | Reached skill level 10 in Stealth
  6321 | D:6      | Reached XP level 8. HP: 28/36 MP: 2/13
  8076 | D:7      | Noticed Menkaure
  8213 | D:7      | Killed Menkaure
  8214 | D:7      | Reached XP level 9. HP: 39/39 MP: 10/14
  8353 | D:7      | Found a runed translucent door.
  8354 | D:7      | Noticed Crazy Yiuf
  8598 | D:7      | Killed Crazy Yiuf
  8667 | D:8      | Reached skill level 10 in Hexes
  9163 | D:7      | Reached ** piety under Dithmenos
  9588 | D:8      | Found a staircase to the Lair.
 10230 | D:8      | Noticed a two-headed ogre
 10279 | D:8      | Killed a two-headed ogre
 10280 | D:8      | Reached XP level 10. HP: 44/44 MP: 1/15
 11205 | D:8      | Reached skill level 10 in Dodging
 11699 | D:9      | Found a glowing golden altar of the Shining One.
 11741 | D:9      | Reached *** piety under Dithmenos
 12028 | D:8      | Reached skill level 15 in Stealth
 12841 | D:10     | Entered Level 10 of the Dungeon
 12906 | D:10     | Learned a level 3 spell: Dazzling Flash
 13861 | D:10     | Reached XP level 11. HP: 48/48 MP: 13/16
 14070 | D:11     | Reached skill level 1 in Fighting
 14269 | Lair:1   | Entered Level 1 of the Lair of Beasts
 14298 | Lair:1   | Noticed Joseph
 14303 | Lair:1   | Killed Joseph
 14492 | Lair:1   | Noticed Grum
 14495 | Lair:1   | Killed Grum
 14615 | Lair:1   | Reached skill level 5 in Short Blades
 15267 | Lair:2   | Reached **** piety under Dithmenos
 15391 | Lair:2   | Reached skill level 5 in Fighting
 16037 | Lair:2   | Noticed Gastronok
 16556 | Lair:2   | Killed Gastronok
 16557 | Lair:2   | Reached XP level 12. HP: 35/61 MP: 9/17
 16931 | Lair:3   | Found a staircase to the Snake Pit.
 17711 | Lair:3   | Found a staircase to the Shoals.
 18680 | Lair:4   | You fall into a shaft and drop 2 floors!
 18680 | Lair:6   | Entered Level 6 of the Lair of Beasts
 18684 | Lair:6   | Noticed a catoblepas
 18684 | Lair:6   | Noticed a death yak
 18685 | Lair:6   | Noticed a death yak
 18685 | Lair:6   | Noticed a death yak
 18685 | Lair:6   | Noticed a death yak
 18715 | Lair:6   | Reached skill level 10 in Short Blades
 18739 | Lair:6   | Noticed an entropy weaver
 18741 | Lair:6   | Noticed an entropy weaver
 18741 | Lair:6   | Noticed a queen ant
 18870 | Lair:5   | Found a dark tunnel.
 18880 | Volcano  | Entered a volcano
 19284 | Volcano  | Reached XP level 13. HP: 68/69 MP: 18/18
 19529 | Lair:5   | Reached ***** piety under Dithmenos
 19582 | Lair:4   | Noticed Urug
 19583 | Lair:4   | Killed Urug
 20485 | Lair:5   | Reached skill level 1 in Invocations
 22929 | Lair:6   | Killed an entropy weaver
 22933 | Lair:6   | Killed an entropy weaver
 23568 | Lair:6   | Reached skill level 5 in Invocations
 24720 | Lair:6   | Reached XP level 14. HP: 76/76 MP: 16/19
 25250 | Lair:6   | Found a runed translucent door.
 25250 | Lair:6   | Found a viscous altar of Jiyva.
 25250 | Lair:6   | Found a staircase to the Slime Pits.
 25250 | Lair:6   | Noticed an azure jelly
 25250 | Lair:6   | Noticed an azure jelly
 25765 | Lair:6   | Identified the +9 short sword of the Spectre {elec, *Contam
                  | Int+8 SInv} (You found it on level 6 of the Lair of Beasts)
 26153 | D:10     | Reached skill level 10 in Fighting
 26687 | D:11     | Learned a level 1 spell: Apportation
 27090 | D:12     | Found the +3 salamander hide armour {Flames rF++ rC--}
 27096 | D:12     | Reached skill level 1 in Translocations
 29602 | D:11     | Reached ****** piety under Dithmenos
 29950 | D:12     | Found a staircase to the Orcish Mines.
 30242 | D:12     | Found a runed translucent gate.
 30242 | D:12     | Found a runed translucent gate.
 30243 | D:12     | Found a runed translucent gate.
 30243 | D:12     | Noticed krigyl's ghost (journeyman GrAM)
 30245 | D:12     | Identified the cursed +0 chain mail of Gogeer {Dex+3
                  | Slay+3}
 30255 | D:12     | Found a roughly hewn altar of Beogh.
 30275 | D:12     | Reached skill level 1 in Shields
 30782 | D:12     | You fall into a shaft and drop 2 floors!
 31211 | D:12     | Found Ilimips's Armour Shop.
 31223 | D:12     | Killed krigyl's ghost
 31231 | D:12     | Bought a scarf of resistance for 576 gold pieces
 31977 | D:13     | Noticed Sonja
 31991 | D:13     | Killed Sonja
 32058 | D:13     | Noticed Frances
 32063 | D:13     | Killed Frances
 32064 | D:13     | Reached skill level 5 in Shields
 32193 | D:13     | Reached XP level 15. HP: 80/80 MP: 21/21
 32195 | D:13     | Noticed Rupert
 32219 | D:13     | Killed Rupert
 32495 | D:14     | Found Xulauweducw's Antique Armour Shop.
 32504 | D:14     | Bought a runed scarf for 288 gold pieces
 32504 | D:14     | Bought a fading buckler for 342 gold pieces
 32504 | D:14     | Bought a runed robe for 133 gold pieces
 32558 | D:14     | Identified the +0 buckler of Duty {+Fly rF+} (You bought it
                  | in a shop on level 14 of the Dungeon)
 32588 | D:14     | Bought a runed robe for 133 gold pieces
 32720 | D:14     | Found Virrej's Book Boutique.
 32762 | D:14     | Found Niybb's Antique Armour Emporium.
 32834 | D:14     | Found a gate to the Vaults.
 32905 | D:14     | Found Byzah's Armour Boutique.
 33499 | D:15     | Entered Level 15 of the Dungeon
 33511 | D:15     | Learned a level 6 spell: Invisibility
 33707 | D:15     | Reached skill level 5 in Translocations
 33853 | D:15     | Found a runed translucent door.
 33853 | D:15     | Noticed a sphinx
 35501 | D:15     | Reached skill level 15 in Hexes
 35526 | D:15     | Found a staircase to the Depths.
 35781 | D:15     | Found a blossoming altar of Fedhas.
 35985 | Orc:1    | Entered Level 1 of the Orcish Mines
 36025 | Orc:1    | Found Nidoy's General Store.
 36036 | Orc:1    | Bought a scroll of identify for 34 gold pieces
 36036 | Orc:1    | Bought a scroll of identify for 34 gold pieces
 36142 | Orc:2    | Entered Level 2 of the Orcish Mines
 36171 | Orc:2    | Found a staircase to the Elven Halls.
 36659 | Orc:2    | Found a roughly hewn altar of Beogh.
 38372 | Orc:2    | Found Cinodd's Antique Armour Emporium.
 38372 | Orc:2    | Found Poator's Gadget Shop.
 38374 | Orc:2    | Found Facsuem's Assorted Antiques.
 38376 | Orc:2    | Found Robrif's Armour Shoppe.
 39048 | Orc:1    | Found a roughly hewn altar of Beogh.
 39059 | Orc:1    | Noticed an orc warlord
 39105 | Orc:1    | Killed an orc warlord
 39577 | Snake:1  | Entered Level 1 of the Snake Pit
 39604 | Shoals:1 | Entered Level 1 of the Shoals
 39992 | Shoals:1 | Reached XP level 16. HP: 70/86 MP: 13/24
 40595 | Shoals:1 | Reached skill level 10 in Invocations
 42911 | Shoals:3 | Found Suatro's General Store.
 44107 | Shoals:3 | Bought a scroll of teleportation for 45 gold pieces
 44107 | Shoals:3 | Bought a scroll of identify for 30 gold pieces
 44107 | Shoals:3 | Bought a potion of heal wounds for 75 gold pieces
 45500 | Shoals:3 | Noticed Jorgrun
 45555 | Shoals:3 | Killed Jorgrun
 45971 | Shoals:4 | Entered Level 4 of the Shoals
 47793 | Shoals:4 | HP: 1/87 [tentacle[a kraken simulacrum] (16)]
 47793 | Shoals:4 | Mangled by a tentacle

Illustrated notes

Levels and vault maps discovered:
D:1:      shiori_arrival_whats_in_store_for_you, layout_basic
D:2:      layout_rooms, wander_ebering_terrifying_dragon_lair
D:3:      layout_basic, grunt_qazlal_clouds
D:4:      layout_cave_pools, minmay_temple_entry_junction
D:5:      layout_loops_corners, kiku_gazebo_pond_becter
D:6:      layout_basic
D:7:      layout_layer_cave, uniq_crazy_yiuf_cottage, uniq_menkaure
D:8:      layout_gridville, due_lair_maze_entry_diamond,
          minmay_chambers_of_fives
D:9:      layout_loops_cross, tso_altar
D:10:     lemuel_ice_spiral_2, layout_basic
D:11:     layout_irregular_city
D:12:     layout_loops_corners, hiddenorc1_lemuel, biasface_ghost_orc_armoury,
          serial_shops, nicolae_shop_waterfront, lemuel_old_faithful
D:13:     layout_basic, uniq_frances, uniq_rupert, uniq_sonja
D:14:     layout_loops_cross, david_vaults_4, minmay_misc_feat_tiny,
          serial_shops, shop, shop, shop, shop, hangedman_decor_growths,
          grunt_ministairs_2, hangedman_pestilent_swarm
D:15:     gammafunk_enter_depths_forms, layout_irregular_city, fedhas_altar_4,
          minmay_hidden_floor
Temple:   compressed_dpeg_circular_temple
Lair:1:   layout_cave_pods, uniq_grum, uniq_joseph
Lair:2:   layout_chaotic_city, grunt_megastairs_1, lemuel_fruit_fields,
          lemuel_fruit_fields, uniq_gastronok
Lair:3:   layout_hall_layers, minmay_shoals_entry_beasts,
          guppyfry_snake_entry_garden
Lair:4:   layout_long_grid, grunt_megastairs_4, uniq_urug
Lair:5:   layout_roguey, nicolae_volcano_entry_hallway
Lair:6:   grunt_lair_end_beastmaster, layout_hall_layers, slime_altar_2,
          wad_woods_antlair, grunt_megastairs_3
Shoals:1: layout_shoals, abandoned_shop
Shoals:2: layout_shoals
Shoals:3: layout_shoals, serial_shops, shop, uniq_jorgrun
Shoals:4: shoals_end_grunt_ice, layout_shoals
Snake:1:  kennysheep_snake, layout_honeycomb, gammafunk_ghost_split,
          basic_altar, minmay_shop_mayhem, st_stairs_11, uniq_agnes
Orc:1:    layout_caves, serial_shops, shop, basic_altar
Orc:2:    st_orc_rangers, layout_diamond_mine, basic_altar

Skill      XL: |  1  2  3  4  5  6  7  8  9 10 11 12 13 14 15 16 |
---------------+-------------------------------------------------+-----
Hexes          | 4 5 6 7 9 11 12 14 15 17 | 17.4
Stealth        | 5 6 7 8 10 12 14 15 16 17 | 17.8
Dodging        | 4 5 6 8 9 11 12 | 12.7
Fighting       | 6 8 9 10 11 | 11.3
Short Blades   | 8 11 | 11.7
Invocations    | 5 7 9 11 | 11.9
Translocations | 4 5 |  5.2
Shields        | 5 7 |  7.2
Spellcasting   | |  2.6

Action                   |  1- 3 |  4- 6 |  7- 9 | 10-12 | 13-15 | 16-18 || total
-------------------------+-------+-------+-------+-------+-------+-------++-------
Melee: Dagger            |    63 |   103 |   224 |   284 |    94 |       ||   768
       Quick blade       |       |       |       |       |  1163 |   358 ||  1521
 Cast: Corona            |     4 |       |       |       |       |       ||     4
       Ensorcelled Hiber |    26 |    83 |    78 |   145 |   373 |   116 ||   821
       Confusing Touch   |       |     1 |    14 |    10 |    71 |     6 ||   102
       Tukima's Dance    |       |       |     7 |     1 |    37 |       ||    45
       Dazzling Flash    |       |       |       |     4 |    39 |    16 ||    59
       Invisibility      |       |       |       |       |     1 |     6 ||     7
Invok: Shadow Step       |       |       |       |     3 |       |       ||     3
 Abil: Evoke Flight      |       |       |       |       |       |     7 ||     7
  Use: Scroll            |       |     8 |       |    16 |    19 |     3 ||    46
       Potion            |       |       |       |     2 |     2 |     4 ||     8
 Stab: Sleeping          |    20 |    46 |    65 |   155 |   300 |    77 ||   663
       Confused          |       |     1 |    10 |    13 |    60 |     1 ||    85
       Invisible         |       |       |       |     4 |    43 |    27 ||    74
       Petrified         |       |       |       |       |     3 |       ||     3
       Petrifying        |       |       |       |       |     2 |       ||     2
       Distracted        |       |       |       |       |     3 |     4 ||     7
Armor: Robe              |     5 |     4 |    10 |    15 |    59 |    19 ||   112
Dodge: Dodged            |    39 |    98 |   283 |   326 |   748 |   338 ||  1832
Block: Buckler           |       |       |       |       |   186 |   135 ||   321
